[Event "AUT-ch 2018"]
[Site "Vienna"]
[Date "2018.07.27"]
[Round "7"]
[White "Knoll, Hermann"]
[Black "Kummer, Helmut"]
[Result "0-1"]
[ECO "B40"]
[WhiteElo "2338"]
[BlackElo "2290"]
[Annotator "NA"]
[PlyCount "98"]
[EventDate "2018.07.22"]
[EventType "swiss"]
[EventCountry "AUT"]
[SourceTitle "playchess.com"]
[Source "ChessBase"]
[SourceQuality "1"]
[TimeControl "40/5400+30:1800+30"]

1. e4 c5 2. Nf3 e6 3. g3 Nc6 4. Bg2 Nf6 5. Qe2 d5 6. e5 Nd7 7. O-O Qc7 8. Re1 b5 9. d3 Be7 10. Bf4 a5 11. Nc3 Qb6 12. a4 b4 13. Nb5 h6 14. h4 Ba6 15. c4 bxc3 16. bxc3 Bxb5 17. axb5 Qxb5 18. h5 Qa6 19. Nd2 Ra7 20. c4 Nb4 21. cxd5 exd5 22. Qg4 g5 23. e6 Nf6 24. exf7+ Kxf7 25. Qf5 gxf4 26. Nf3 Rg8 27. Ne5+ Ke8 28. Qxf4 Rg5 29. Nf3 Nxd3 30. Qb8+ Kf7 31. Nxg5+ hxg5 32. Re3 c4 33. Rb1 Ra8 34. Qc7 Qd6 35. Qb7 Rd8 36. Rb6 Qd7 37. Qa6 Nc5 38. Qxa5 Nce4 39. Bxe4 Nxe4 40. Rf3+ Bf6 41. Qa6 Qe7 42. h6 c3 43. Rc6 Rd6 44. h7 Rxc6 45. Qxc6 Kg7 46. Qxd5 Kxh7 47. Re3 c2 48. Re1 Bb2 49. f3 Qc5+ 0-1

[Event "AUT-ch 2018"]
[Site "Vienna"]
[Date "2018.07.27"]
[Round "7"]
[White "Sandhoefner, Florian"]
[Black "Sadilek, Maximilian"]
[Result "1-0"]
[ECO "E00"]
[WhiteElo "2327"]
[BlackElo "2224"]
[Annotator "NA"]
[PlyCount "79"]
[EventDate "2018.07.22"]
[EventType "swiss"]
[EventCountry "AUT"]
[SourceTitle "playchess.com"]
[Source "ChessBase"]
[SourceQuality "1"]
[TimeControl "40/5400+30:1800+30"]

1. d4 e6 2. c4 Bb4+ 3. Bd2 Bxd2+ 4. Qxd2 Nf6 5. Nc3 d5 6. e3 O-O 7. Nf3 Nbd7 8. Rc1 c6 9. Bd3 Qe7 10. cxd5 exd5 11. Qc2 Re8 12. O-O Ne4 13. b4 a6 14. a4 Ndf6 15. b5 cxb5 16. axb5 Bd7 17. bxa6 bxa6 18. Qa2 Bb5 19. Ne5 Bxd3 20. Nxd3 Qd6 21. Nxe4 Nxe4 22. Nc5 Rac8 23. Qxa6 Rc6 24. Nxe4 Rxa6 25. Nxd6 Rxd6 26. Rc5 f5 27. Rc7 Red8 28. Rb1 R8d7 29. Rbb7 Rxc7 30. Rxc7 h5 31. g3 Kh7 32. Kg2 Kg6 33. Kf3 Kf6 34. h4 g5 35. hxg5+ Kxg5 36. Rc8 Kf6 37. Kf4 Re6 38. Rd8 Re4+ 39. Kf3 Ke6 40. Rh8 1-0

[Event "AUT-ch 2018"]
[Site "Vienna"]
[Date "2018.07.27"]
[Round "7"]
[White "Mostbauer, Florian"]
[Black "Windhager, Hannes"]
[Result "1-0"]
[ECO "A45"]
[WhiteElo "2319"]
[BlackElo "2203"]
[Annotator "NA"]
[PlyCount "85"]
[EventDate "2018.07.22"]
[EventType "swiss"]
[EventCountry "AUT"]
[SourceTitle "playchess.com"]
[Source "ChessBase"]
[SourceQuality "1"]
[TimeControl "40/5400+30:1800+30"]

1. d4 Nf6 2. Bf4 c5 3. d5 b5 4. a4 b4 5. g4 d6 6. g5 Nfd7 7. e4 g6 8. Nd2 Bg7 9. Rb1 a5 10. h4 Ne5 11. Bb5+ Bd7 12. Be2 f5 13. gxf6 Bxf6 14. Bg3 Nf7 15. f4 e5 16. dxe6 Bxe6 17. Ngf3 O-O 18. O-O d5 19. Ng5 Nxg5 20. fxg5 Bd4+ 21. Kh2 Nc6 22. exd5 Bxd5 23. Nb3 Rxf1 24. Qxf1 Bxb3 25. cxb3 Ne5 26. Qg2 Ra7 27. Rd1 Qd7 28. Qe4 Nf7 29. Bc4 Qe7 30. Qc6 Qd7 31. Qf3 Qf5 32. Qxf5 gxf5 33. Rf1 Kg7 34. Rxf5 Bxb2 35. Rxc5 Bd4 36. Rd5 Bc3 37. Kh3 h6 38. Kg4 hxg5 39. hxg5 Re7 40. Kf5 Ra7 41. Bf4 Be1 42. Rc5 Re7 43. Rc7 1-0

[Event "AUT-ch 2018"]
[Site "Vienna"]
[Date "2018.07.27"]
[Round "7"]
[White "Vitouch, Anatol"]
[Black "Fauland, Alexander"]
[Result "0-1"]
[ECO "A45"]
[WhiteElo "2317"]
[BlackElo "2419"]
[Annotator "NA"]
[PlyCount "76"]
[EventDate "2018.07.22"]
[EventType "swiss"]
[EventCountry "AUT"]
[SourceTitle "playchess.com"]
[Source "ChessBase"]
[SourceQuality "1"]
[TimeControl "40/5400+30:1800+30"]

1. d4 Nf6 2. Bg5 e6 3. e4 h6 4. Bxf6 Qxf6 5. c3 d6 6. Bd3 Nd7 7. Ne2 c6 8. O-O e5 9. f4 Qe7 10. Nd2 g6 11. f5 gxf5 12. exf5 d5 13. dxe5 Nxe5 14. Nf3 Ng4 15. Qd2 h5 16. Nf4 Kd8 17. Rae1 Qf6 18. c4 dxc4 19. Bxc4+ Kc7 20. Ng5 Bc5+ 21. Kh1 Rd8 22. Nd3 Be3 23. Rxe3 Qxg5 24. Rf4 Nxe3 25. Qxe3 Rd6 26. h4 Qf6 27. Ne5 Bd7 28. Nxf7 Rd1+ 29. Kh2 Re8 30. Qxa7 Qxb2 31. Qa5+ Kb8 32. Rf3 Qd4 33. Bf1 Qxh4+ 34. Kg1 Rd5 35. Qb6 Bxf5 36. Nd6 Rxd6 37. Rxf5 Rf6 38. Ra5 Rxf1+ 0-1

[Event "AUT-ch 2018"]
[Site "Vienna"]
[Date "2018.07.27"]
[Round "7"]
[White "Wallner, Joachim"]
[Black "Ager, Josef"]
[Result "1-0"]
[ECO "A01"]
[WhiteElo "2311"]
[BlackElo "2154"]
[Annotator "NA"]
[PlyCount "53"]
[EventDate "2018.07.22"]
[EventType "swiss"]
[EventCountry "AUT"]
[SourceTitle "playchess.com"]
[Source "ChessBase"]
[SourceQuality "1"]
[TimeControl "40/5400+30:1800+30"]

1. b3 g6 2. Bb2 Nf6 3. Nf3 Bg7 4. g3 O-O 5. Bg2 Nc6 6. O-O a6 7. c4 Rb8 8. d4 d6 9. Nbd2 b5 10. d5 Na5 11. cxb5 axb5 12. Nd4 e5 13. Nc6 Nxc6 14. dxc6 Nh5 15. b4 f5 16. Nb3 f4 17. Na5 Qe8 18. Nb7 Kh8 19. Qd3 g5 20. a4 Nf6 21. Qxb5 Bxb7 22. cxb7 Qxb5 23. axb5 e4 24. Ra7 d5 25. Rc1 Ne8 26. Bxg7+ Kxg7 27. Bf1 1-0

[Event "AUT-ch 2018"]
[Site "Vienna"]
[Date "2018.07.27"]
[Round "7"]
[White "Gerhold, Michael"]
[Black "Hapala, Elisabeth"]
[Result "1-0"]
[ECO "D05"]
[WhiteElo "2254"]
[BlackElo "2131"]
[Annotator "NA"]
[PlyCount "37"]
[EventDate "2018.07.22"]
[EventType "swiss"]
[EventCountry "AUT"]
[SourceTitle "playchess.com"]
[Source "ChessBase"]
[SourceQuality "1"]
[TimeControl "40/5400+30:1800+30"]

1. d4 Nf6 2. Nf3 e6 3. e3 c5 4. Bd3 d5 5. b3 Nc6 6. O-O Be7 7. Bb2 O-O 8. c4 cxd4 9. exd4 b6 10. Nc3 Bb7 11. Rc1 Rc8 12. Qe2 dxc4 13. bxc4 Nxd4 14. Nxd4 Qxd4 15. Nd5 Qc5 16. Bxf6 gxf6 17. Nxe7+ Qxe7 18. Qg4+ Kh8 19. Qh4 1-0

[Event "AUT-ch 2018"]
[Site "Vienna"]
[Date "2018.07.27"]
[Round "7"]
[White "Ly, Dominik"]
[Black "Hiermann, Dietmar"]
[Result "1/2-1/2"]
[ECO "D37"]
[WhiteElo "2217"]
[BlackElo "2202"]
[Annotator "NA"]
[PlyCount "95"]
[EventDate "2018.07.22"]
[EventType "swiss"]
[EventCountry "AUT"]
[SourceTitle "playchess.com"]
[Source "ChessBase"]
[SourceQuality "1"]
[TimeControl "40/5400+30:1800+30"]

1. d4 Nf6 2. c4 e6 3. Nc3 d5 4. Nf3 Be7 5. Bf4 O-O 6. e3 c6 7. h3 Nbd7 8. a3 dxc4 9. Bxc4 Nd5 10. Bh2 Nxc3 11. bxc3 Qa5 12. Qc2 b6 13. O-O Ba6 14. Bxa6 Qxa6 15. e4 Rac8 16. a4 Rfd8 17. Rad1 Bf6 18. Bd6 g6 19. e5 Bg7 20. Qe4 Nf8 21. Qf4 Rd7 22. h4 Qxa4 23. Ng5 Bh6 24. Rd3 Rcd8 25. Qg4 Rxd6 26. exd6 Rxd6 27. Qg3 Rd5 28. Ne4 Bg7 29. Qf3 Qa6 30. Rdd1 Nd7 31. Qf4 Qc8 32. c4 Rf5 33. Qg3 Ra5 34. Qe3 Nf6 35. Ra1 Rxa1 36. Rxa1 Nxe4 37. Qxe4 Qd7 38. Rd1 h5 39. Rd3 Bf6 40. g3 Kg7 41. Qe3 b5 42. cxb5 cxb5 43. Qd2 Qd5 44. Qc3 Bd8 45. Re3 Bf6 46. Rd3 Bd8 47. Re3 Bf6 48. Rd3 1/2-1/2

[Event "AUT-ch 2018"]
[Site "Vienna"]
[Date "2018.07.27"]
[Round "7"]
[White "Peyrer, Konstantin"]
[Black "Froewis, Annika"]
[Result "1-0"]
[ECO "D00"]
[WhiteElo "2209"]
[BlackElo "2128"]
[Annotator "NA"]
[PlyCount "83"]
[EventDate "2018.07.22"]
[EventType "swiss"]
[EventCountry "AUT"]
[SourceTitle "playchess.com"]
[Source "ChessBase"]
[SourceQuality "1"]
[TimeControl "40/5400+30:1800+30"]

1. d4 d5 2. Bf4 Nf6 3. e3 c5 4. c3 Nc6 5. Nd2 e6 6. Ngf3 cxd4 7. exd4 Nh5 8. Be3 Bd6 9. Ne5 g6 10. Ndf3 f6 11. Nxc6 bxc6 12. Bh6 e5 13. Qa4 Bd7 14. g4 e4 15. gxh5 exf3 16. Bd3 g5 17. O-O-O f5 18. Bg7 Rg8 19. Be5 Bxe5 20. Rhe1 Kf7 21. dxe5 Be6 22. Qxc6 Qb6 23. Qxb6 axb6 24. a3 g4 25. h4 Kg7 26. Bb5 Rad8 27. Rd4 Kh6 28. Kd2 Kxh5 29. Ke3 Kxh4 30. Rh1+ Kg5 31. Rxh7 Rh8 32. Rg7+ Kh6 33. Rb7 Rb8 34. Re7 Bg8 35. Kf4 Kg6 36. Be8+ Kh6 37. Rd1 Rxe8 38. Rxe8 Kg7 39. e6 Rh6 40. Re1 Rf6 41. Rxg8+ Kxg8 42. e7 1-0

[Event "AUT-ch 2018"]
[Site "Vienna"]
[Date "2018.07.27"]
[Round "7"]
[White "Bauer, Thomas"]
[Black "Zojer, Stefan"]
[Result "1-0"]
[ECO "C50"]
[WhiteElo "2181"]
[BlackElo "2108"]
[Annotator "NA"]
[PlyCount "89"]
[EventDate "2018.07.22"]
[EventType "swiss"]
[EventCountry "AUT"]
[SourceTitle "playchess.com"]
[Source "ChessBase"]
[SourceQuality "1"]
[TimeControl "40/5400+30:1800+30"]

1. e4 e5 2. Nf3 Nc6 3. Bc4 Bc5 4. d3 Nf6 5. O-O O-O 6. Nbd2 d5 7. exd5 Nxd5 8. a4 Be6 9. Re1 f6 10. c3 Re8 11. a5 Qd7 12. Ne4 Bf8 13. a6 bxa6 14. Rxa6 Rab8 15. d4 Nb6 16. Nc5 Bxc5 17. Bxe6+ Qxe6 18. dxc5 Qc4 19. cxb6 Qxa6 20. Qd5+ Kh8 21. Qxc6 cxb6 22. h4 Red8 23. h5 Rbc8 24. Qe6 Qc4 25. Qe7 Qc7 26. Qa3 Qf7 27. h6 g5 28. Qa4 Rc7 29. Qg4 Qf8 30. Qh3 Rc4 31. Qe6 Rc5 32. b3 Rd6 33. Qf5 Qc8 34. Qe4 Qc6 35. Qg4 Qc8 36. Qh5 Rxc3 37. Bb2 Rxb3 38. Nxg5 Rd7 39. Ba1 Qg8 40. Ne4 Qf7 41. Qf5 Rbd3 42. Bxe5 fxe5 43. Qxe5+ Kg8 44. Nf6+ Kf8 45. Nxh7+ 1-0

[Event "AUT-ch 2018"]
[Site "Vienna"]
[Date "2018.07.27"]
[Round "7"]
[White "Newrkla, Katharina"]
[Black "Morgunov, Daniel"]
[Result "0-1"]
[ECO "B23"]
[WhiteElo "2175"]
[BlackElo "2346"]
[Annotator "NA"]
[PlyCount "106"]
[EventDate "2018.07.22"]
[EventType "swiss"]
[EventCountry "AUT"]
[SourceTitle "playchess.com"]
[Source "ChessBase"]
[SourceQuality "1"]
[TimeControl "40/5400+30:1800+30"]

1. e4 c5 2. Nc3 d6 3. f4 g6 4. Nf3 Bg7 5. Bb5+ Bd7 6. Bc4 Nc6 7. d3 Nf6 8. O-O O-O 9. Qe1 Nd4 10. Nxd4 cxd4 11. Ne2 d5 12. exd5 Ba4 13. f5 Nxd5 14. Nf4 Nxf4 15. Bxf4 Rc8 16. Bg5 Rc7 17. fxg6 hxg6 18. Qf2 Qe8 19. Rae1 b5 20. Bb3 Bxb3 21. cxb3 e6 22. Rc1 Qd7 23. Rxc7 Qxc7 24. Rc1 Qe5 25. Bd2 Rd8 26. Qf3 Bf8 27. g3 Rd5 28. Rc8 Rc5 29. Qa8 Rxc8 30. Qxc8 Qc5 31. Qd8 Kh7 32. Qf6 Kg8 33. Qd8 Kg7 34. Bg5 e5 35. Qf6+ Kg8 36. b4 Qd6 37. Qxd6 Bxd6 38. Bf6 Kf8 39. Kf2 Ke8 40. g4 Kd7 41. Kf3 Ke6 42. g5 Be7 43. Bxe7 Kxe7 44. b3 Ke6 45. Kg4 Kd6 46. Kg3 a6 47. h3 e4 48. dxe4 Ke5 49. Kf3 d3 50. Ke3 d2 51. Kxd2 Kxe4 52. a4 Kf4 53. axb5 axb5 0-1

[Event "AUT-ch 2018"]
[Site "Vienna"]
[Date "2018.07.27"]
[Round "7"]
[White "Steiner, Adam"]
[Black "Pacher, Simon"]
[Result "1-0"]
[ECO "C26"]
[WhiteElo "2174"]
[BlackElo "2097"]
[Annotator "NA"]
[PlyCount "29"]
[EventDate "2018.07.22"]
[EventType "swiss"]
[EventCountry "AUT"]
[SourceTitle "playchess.com"]
[Source "ChessBase"]
[SourceQuality "1"]
[TimeControl "40/5400+30:1800+30"]

1. e4 e5 2. Nc3 Nf6 3. Bc4 c6 4. d4 b5 5. Bb3 exd4 6. Qxd4 Na6 7. e5 Bc5 8. Qh4 Qe7 9. Nf3 d6 10. Bg5 dxe5 11. O-O-O Qc7 12. Bxf6 gxf6 13. Qxf6 O-O 14. Nxe5 Bxf2 15. Nxf7 1-0

[Event "AUT-ch 2018"]
[Site "Vienna"]
[Date "2018.07.27"]
[Round "7"]
[White "Polterauer, Chiara"]
[Black "Neumeier, Klaus"]
[Result "0-1"]
[ECO "B77"]
[WhiteElo "2169"]
[BlackElo "2284"]
[Annotator "NA"]
[PlyCount "70"]
[EventDate "2018.07.22"]
[EventType "swiss"]
[EventCountry "AUT"]
[SourceTitle "playchess.com"]
[Source "ChessBase"]
[SourceQuality "1"]
[TimeControl "40/5400+30:1800+30"]

1. e4 c5 2. Nf3 d6 3. d4 cxd4 4. Nxd4 Nf6 5. Nc3 g6 6. Be3 Bg7 7. f3 O-O 8. Qd2 Nc6 9. Bc4 Bd7 10. Bb3 Rc8 11. O-O-O Nxd4 12. Bxd4 b5 13. Bxa7 b4 14. Nd5 Nxd5 15. exd5 Qa5 16. Bd4 Rxc2+ 17. Bxc2 Qxa2 18. Qe3 Rc8 19. Kd2 Rxc2+ 20. Kxc2 Qc4+ 21. Kd2 Bxd4 22. Qd3 Qxd5 23. Qe4 Qxe4 24. fxe4 Bxb2 25. Ke3 Be6 26. Rb1 Bc3 27. Rhc1 f5 28. h3 fxe4 29. Kxe4 d5+ 30. Kf4 Bf5 31. Rxc3 bxc3 32. Rc1 d4 33. g4 d3 34. Ke3 d2 35. Ra1 Bc2 0-1

[Event "AUT-ch 2018"]
[Site "Vienna"]
[Date "2018.07.27"]
[Round "7"]
[White "Zimmermann, Heinz"]
[Black "Riemelmoser, Stefan"]
[Result "1-0"]
[ECO "A06"]
[WhiteElo "2162"]
[BlackElo "2162"]
[Annotator "NA"]
[PlyCount "127"]
[EventDate "2018.07.22"]
[EventType "swiss"]
[EventCountry "AUT"]
[SourceTitle "playchess.com"]
[Source "ChessBase"]
[SourceQuality "1"]
[TimeControl "40/5400+30:1800+30"]

1. Nf3 d5 2. d4 e6 3. c3 Be7 4. Bf4 Nf6 5. e3 c5 6. Nbd2 Nc6 7. Bd3 O-O 8. Ne5 Re8 9. Qf3 Nxe5 10. dxe5 Nd7 11. h4 c4 12. Bc2 Qb6 13. Rb1 Qc7 14. Qg3 b5 15. Nf3 b4 16. Bh6 Bf8 17. h5 Kh8 18. Bf4 Nc5 19. h6 g6 20. O-O b3 21. axb3 cxb3 22. Bd1 Ba6 23. Re1 Nd3 24. Re2 Nxf4 25. Qxf4 Bxe2 26. Bxe2 a5 27. Ra1 Qd7 28. Nd4 Reb8 29. c4 a4 30. cxd5 a3 31. bxa3 b2 32. Rb1 exd5 33. e6 fxe6 34. Qe5+ Bg7 35. hxg7+ Qxg7 36. Qxg7+ Kxg7 37. Nb5 e5 38. Rxb2 d4 39. exd4 exd4 40. Rd2 Rd8 41. Nc7 Kf6 42. Nxa8 Rxa8 43. Rd3 Ke5 44. f3 Rb8 45. Bd1 Rb2 46. Kf1 g5 47. g4 h6 48. Ke1 Ra2 49. a4 Rb2 50. Rb3 Ra2 51. Rb4 Ra1 52. Kd2 Ra2+ 53. Bc2 Kf4 54. Rxd4+ Kxf3 55. Kc3 Ke3 56. Re4+ Kf3 57. Rb4 Ra1 58. Kb2 Re1 59. a5 h5 60. gxh5 g4 61. a6 g3 62. a7 Re8 63. Be4+ Rxe4 64. a8=Q 1-0

[Event "AUT-ch 2018"]
[Site "Vienna"]
[Date "2018.07.27"]
[Round "7"]
[White "Frank, Emanuel"]
[Black "Gelbenegger, Patrick"]
[Result "1-0"]
[ECO "E06"]
[WhiteElo "2161"]
[BlackElo "2260"]
[Annotator "NA"]
[PlyCount "97"]
[EventDate "2018.07.22"]
[EventType "swiss"]
[EventCountry "AUT"]
[SourceTitle "playchess.com"]
[Source "ChessBase"]
[SourceQuality "1"]
[TimeControl "40/5400+30:1800+30"]

1. d4 d5 2. c4 e6 3. Nf3 Nf6 4. g3 Be7 5. Bg2 O-O 6. O-O dxc4 7. Qc2 a6 8. a4 Bd7 9. Rd1 Bc6 10. Nc3 Nbd7 11. e4 b5 12. d5 exd5 13. e5 Ne8 14. Nxd5 Bxd5 15. Rxd5 c6 16. Rd1 Qc7 17. axb5 cxb5 18. Ng5 Bxg5 19. Bxa8 Bxc1 20. Rdxc1 Qxe5 21. Bc6 Qd6 22. Bxd7 Qxd7 23. Rxa6 Qb7 24. Rca1 Nf6 25. Qf5 Re8 26. g4 h6 27. h4 Qe4 28. Qxe4 Rxe4 29. Ra8+ Kh7 30. f3 Re2 31. Rb1 Nd7 32. Kf1 Rc2 33. Re8 b4 34. Re2 Rxe2 35. Kxe2 Kg6 36. Rc1 Nb6 37. Ke3 c3 38. b3 Kf6 39. Kd4 Nd7 40. Ra1 Nb8 41. Kc5 Ke5 42. Kxb4 Kf4 43. Kxc3 Kxf3 44. Rf1+ Kxg4 45. Rxf7 Kxh4 46. Rxg7 h5 47. b4 Kh3 48. b5 h4 49. Rb7 1-0

[Event "AUT-ch 2018"]
[Site "Vienna"]
[Date "2018.07.27"]
[Round "7"]
[White "Thoma, Wilhelm Jun"]
[Black "Jakits, Leopold"]
[Result "0-1"]
[ECO "A46"]
[WhiteElo "2161"]
[BlackElo "2161"]
[Annotator "NA"]
[PlyCount "66"]
[EventDate "2018.07.22"]
[EventType "swiss"]
[EventCountry "AUT"]
[SourceTitle "playchess.com"]
[Source "ChessBase"]
[SourceQuality "1"]
[TimeControl "40/5400+30:1800+30"]

1. d4 Nf6 2. Nf3 e6 3. g3 b6 4. Bg2 Bb7 5. O-O Be7 6. c4 O-O 7. d5 exd5 8. Nh4 c6 9. cxd5 Nxd5 10. Nf5 Nc7 11. Nc3 d5 12. e4 Bf6 13. Bf4 Bc8 14. g4 Nba6 15. Rc1 Bg5 16. Bxg5 Qxg5 17. f4 Qd8 18. exd5 Bxf5 19. gxf5 Nxd5 20. Bxd5 cxd5 21. Nxd5 Qd6 22. Rc6 Qd8 23. f6 g6 24. b4 Kh8 25. Qf3 Nxb4 26. Nxb4 Qd4+ 27. Rf2 Qxb4 28. Rfc2 Rad8 29. Kg2 Rfe8 30. Rf2 Qd4 31. Qc3 Qe4+ 32. Qf3 Qf5 33. Qb3 Rd3 0-1

[Event "AUT-ch 2018"]
[Site "Vienna"]
[Date "2018.07.27"]
[Round "7"]
[White "Hofegger, Jakob"]
[Black "Konecny, Sophie"]
[Result "1-0"]
[ECO "A06"]
[WhiteElo "2147"]
[BlackElo "1889"]
[Annotator "NA"]
[PlyCount "119"]
[EventDate "2018.07.22"]
[EventType "swiss"]
[EventCountry "AUT"]
[SourceTitle "playchess.com"]
[Source "ChessBase"]
[SourceQuality "1"]
[TimeControl "40/5400+30:1800+30"]

1. Nf3 d5 2. g3 Bg4 3. Bg2 c6 4. O-O Nd7 5. d3 Ngf6 6. Qe1 e5 7. h3 Bh5 8. e4 dxe4 9. dxe4 Be7 10. Nbd2 O-O 11. b3 Qc7 12. Bb2 Rfe8 13. Nc4 Bf8 14. Nh4 Nc5 15. g4 Bg6 16. Nf5 b5 17. Nd2 Ne6 18. Nf3 Nf4 19. Qe3 Nxg2 20. Kxg2 b4 21. Rfd1 Bxf5 22. gxf5 Nh5 23. Kh2 f6 24. Nd2 Red8 25. Nc4 Nf4 26. a3 Rxd1 27. Rxd1 c5 28. a4 Rd8 29. Rxd8 Qxd8 30. Qd2 Qe8 31. Qd1 Qc6 32. Qf3 Qe8 33. Bc1 Nh5 34. Qd1 g6 35. Qd5+ Qf7 36. fxg6 hxg6 37. Be3 Nf4 38. Bxf4 exf4 39. Kg2 g5 40. Kf3 Kg7 41. Qxf7+ Kxf7 42. Ke2 Ke6 43. Kd3 f5 44. f3 Be7 45. Na5 Bd8 46. Nc4 Bc7 47. Nd2 Bd6 48. Kc4 fxe4 49. Nxe4 Be7 50. Nxc5+ Kd6 51. Nd3 a5 52. Kd4 Bf8 53. Ke4 Ke6 54. Nb2 Bd6 55. Nc4 Bc7 56. Kd4 Bd8 57. Kc5 Bc7 58. Kc6 Bd8 59. Kb5 Kd5 60. Nxa5 1-0

[Event "AUT-ch 2018"]
[Site "Vienna"]
[Date "2018.07.27"]
[Round "7"]
[White "Miazhynski, Yuri"]
[Black "Zanon, Magnus"]
[Result "1-0"]
[ECO "C00"]
[WhiteElo "2147"]
[BlackElo "2022"]
[Annotator "NA"]
[PlyCount "89"]
[EventDate "2018.07.22"]
[EventType "swiss"]
[EventCountry "AUT"]
[SourceTitle "playchess.com"]
[Source "ChessBase"]
[SourceQuality "1"]
[TimeControl "40/5400+30:1800+30"]

1. e4 e6 2. d3 d5 3. Nd2 Nf6 4. g3 Be7 5. Bg2 c5 6. Ngf3 Nc6 7. O-O b5 8. exd5 exd5 9. a4 b4 10. d4 O-O 11. dxc5 Ba6 12. Re1 Bxc5 13. Nb3 Bb6 14. Be3 Bxe3 15. Rxe3 Bc4 16. Nbd4 Rc8 17. Nxc6 Rxc6 18. Nd4 Rc7 19. Qf3 Re8 20. Rae1 Rce7 21. b3 Ba6 22. Nc6 Rxe3 23. Rxe3 Rxe3 24. Qxe3 Qd6 25. Nxa7 Qc7 26. Nb5 Qxc2 27. h3 h6 28. Qa7 Qc6 29. Qc7 Qe6 30. Kh2 Ne4 31. Qd8+ Kh7 32. Nc7 Qb6 33. Qxd5 Qxc7 34. Qxe4+ g6 35. Qxb4 Qc2 36. Qb6 Bc8 37. a5 Qe2 38. b4 Ba6 39. Bd5 h5 40. h4 Qf1 41. Qa7 Kh6 42. Qxf7 Qa1 43. Qf8+ Kh7 44. Bg8+ Kh8 45. Bf7+ 1-0

[Event "AUT-ch 2018"]
[Site "Vienna"]
[Date "2018.07.27"]
[Round "7"]
[White "Holzleithner, Johannes"]
[Black "Trippold, Denise"]
[Result "0-1"]
[ECO "A00"]
[WhiteElo "2138"]
[BlackElo "2138"]
[Annotator "NA"]
[PlyCount "94"]
[EventDate "2018.07.22"]
[EventType "swiss"]
[EventCountry "AUT"]
[SourceTitle "playchess.com"]
[Source "ChessBase"]
[SourceQuality "1"]
[TimeControl "40/5400+30:1800+30"]

1. b4 e5 2. Bb2 Bxb4 3. Bxe5 Nf6 4. c4 O-O 5. e3 Nc6 6. Bb2 d5 7. cxd5 Nxd5 8. Nf3 Re8 9. Be2 Bg4 10. O-O Qe7 11. Qb3 Nf4 12. Bd1 Ng6 13. Nc3 Na5 14. Nd5 Nxb3 15. Nxe7+ Nxe7 16. Bxb3 Bxf3 17. gxf3 Bxd2 18. Rfd1 Bb4 19. Rd4 Bd6 20. Rg4 g6 21. e4 Rad8 22. Bf6 Bc5 23. Rc1 Bb6 24. e5 Rd2 25. e6 fxe6 26. Bxe6+ Kf8 27. Bg5 Nf5 28. Bxd2 Rxe6 29. Re4 Rf6 30. Rce1 Rc6 31. Bb4+ Kf7 32. R1e2 Rc1+ 33. Kg2 Bd4 34. Rd2 c5 35. Ba3 Rb1 36. Rc2 b6 37. Bc1 Bf6 38. Rf4 Be5 39. Ra4 a5 40. Re2 Bf6 41. Be3 Nh4+ 42. Kg3 g5 43. Bxg5 Bxg5 44. Rxh4 Bxh4+ 45. Kxh4 c4 46. Rc2 b5 47. a4 bxa4 0-1

[Event "AUT-ch 2018"]
[Site "Vienna"]
[Date "2018.07.27"]
[Round "7"]
[White "Toelly, Michael"]
[Black "Pernerstorfer, Johannes"]
[Result "1/2-1/2"]
[ECO "B32"]
[WhiteElo "2127"]
[BlackElo "2066"]
[Annotator "NA"]
[PlyCount "60"]
[EventDate "2018.07.22"]
[EventType "swiss"]
[EventCountry "AUT"]
[SourceTitle "playchess.com"]
[Source "ChessBase"]
[SourceQuality "1"]
[TimeControl "40/5400+30:1800+30"]

1. e4 c5 2. Nf3 Nc6 3. d4 cxd4 4. Nxd4 e5 5. Nb5 d6 6. c4 Be7 7. Be2 f5 8. exf5 Bxf5 9. Bg4 Bd7 10. O-O Nf6 11. Bxd7+ Qxd7 12. Be3 O-O 13. N5c3 Kh8 14. Qe2 Qf5 15. Nd2 Nb4 16. a3 Nd3 17. f3 Nf4 18. Bxf4 Qxf4 19. Nde4 Rac8 20. Rfd1 Rc6 21. Nd5 Nxd5 22. Rxd5 Bd8 23. Nxd6 Bb6+ 24. Kh1 Bc5 25. Nxb7 Qxh2+ 26. Kxh2 Rh6+ 27. Kg3 Rg6+ 28. Kh2 Rh6+ 29. Kg3 Rg6+ 30. Kh2 Rh6+ 1/2-1/2

[Event "AUT-ch 2018"]
[Site "Vienna"]
[Date "2018.07.27"]
[Round "7"]
[White "Breneis, Lukas"]
[Black "Hupfer, Robert"]
[Result "0-1"]
[ECO "B00"]
[WhiteElo "2122"]
[BlackElo "2122"]
[Annotator "NA"]
[PlyCount "130"]
[EventDate "2018.07.22"]
[EventType "swiss"]
[EventCountry "AUT"]
[SourceTitle "playchess.com"]
[Source "ChessBase"]
[SourceQuality "1"]
[TimeControl "40/5400+30:1800+30"]

1. e4 b6 2. d4 Bb7 3. Bd3 e6 4. Ne2 Nf6 5. f3 c5 6. c3 Nc6 7. a3 Be7 8. Be3 d6 9. O-O O-O 10. Nd2 Rc8 11. g4 Rc7 12. Ng3 cxd4 13. cxd4 Qc8 14. b4 Nd7 15. f4 f6 16. d5 exd5 17. exd5 Nd8 18. Nf5 Re8 19. Qf3 Bf8 20. Bd4 g6 21. g5 fxg5 22. fxg5 Ne5 23. Bxe5 Rxe5 24. Ne3 Rxg5+ 25. Kh1 Bg7 26. Rad1 Nf7 27. Ne4 Re5 28. Bb1 Ng5 29. Nxg5 Rxg5 30. Qf4 Re5 31. Ng4 Rxd5 32. Ba2 Qe6 33. Qf3 Rxd1 34. Bxe6+ Kh8 35. Kg2 Rxf1 36. Qxb7 Rxb7 37. Kxf1 h5 38. Nf2 Bb2 39. a4 Re7 40. Bd5 Re5 41. Bc6 Bc3 42. Nd3 Re3 43. Bb5 Re4 44. Kf2 Bxb4 45. Kf3 Rh4 46. Bd7 Kg7 47. h3 Bd2 48. Nf2 Rf4+ 49. Ke2 Bc3 50. Nd3 Rf7 51. Bb5 Re7+ 52. Kf3 g5 53. h4 g4+ 54. Kf4 Kf6 55. Kg3 Be1+ 56. Kg2 Bxh4 57. Nf4 Kg5 58. Nd5 Re5 59. Nb4 Rc5 60. Kh2 Bf2 61. Nd3 Rc2 62. Kg2 Bd4+ 63. Kh1 Be5 64. Nb4 Rc1+ 65. Kg2 h4 0-1

[Event "AUT-ch 2018"]
[Site "Vienna"]
[Date "2018.07.27"]
[Round "7"]
[White "Atzl, Florian"]
[Black "Exler, Veronika"]
[Result "0-1"]
[ECO "A06"]
[WhiteElo "2117"]
[BlackElo "2198"]
[Annotator "NA"]
[PlyCount "62"]
[EventDate "2018.07.22"]
[EventType "swiss"]
[EventCountry "AUT"]
[SourceTitle "playchess.com"]
[Source "ChessBase"]
[SourceQuality "1"]
[TimeControl "40/5400+30:1800+30"]

1. Nf3 d5 2. g3 Nf6 3. Bg2 e6 4. O-O Be7 5. d4 O-O 6. c4 dxc4 7. Qc2 a6 8. a4 Bd7 9. Qxc4 Bc6 10. Nbd2 Nbd7 11. b3 Bd5 12. Qc2 c5 13. e4 Bc6 14. Ne5 cxd4 15. Nxc6 bxc6 16. Qxc6 Nc5 17. e5 Nd5 18. Bxd5 exd5 19. a5 Rc8 20. Qb6 Qd7 21. Qb4 Ne6 22. Qa4 Qc7 23. Kg2 Qxe5 24. Nf3 Qf5 25. Bb2 d3 26. Rad1 Rc2 27. Ba1 Bc5 28. b4 Nf4+ 29. Kh1 Qe4 30. Rxd3 Qxd3 31. Ne1 Qxf1# 0-1

[Event "AUT-ch 2018"]
[Site "Vienna"]
[Date "2018.07.27"]
[Round "7"]
[White "Charaus, Florian"]
[Black "Ebner, Johann"]
[Result "1-0"]
[ECO "E44"]
[WhiteElo "2115"]
[BlackElo "2115"]
[Annotator "NA"]
[PlyCount "63"]
[EventDate "2018.07.22"]
[EventType "swiss"]
[EventCountry "AUT"]
[SourceTitle "playchess.com"]
[Source "ChessBase"]
[SourceQuality "1"]
[TimeControl "40/5400+30:1800+30"]

1. d4 e6 2. c4 Nf6 3. Nc3 Bb4 4. e3 b6 5. Nge2 Bb7 6. a3 Bxc3+ 7. Nxc3 O-O 8. Bd3 c5 9. d5 d6 10. O-O e5 11. e4 Nbd7 12. b3 Qe7 13. Ra2 Ne8 14. f3 f6 15. Be3 g5 16. g3 Kh8 17. Rff2 Rg8 18. Bf1 Nf8 19. Bh3 Bc8 20. Bg4 Bd7 21. Qf1 Rd8 22. Nd1 Ng6 23. Bc1 Ng7 24. Ne3 Rgf8 25. Qh3 Kg8 26. a4 a5 27. Rae2 Rf7 28. Bf5 Nxf5 29. exf5 Nh8 30. f4 Rg7 31. Ng4 Qf8 32. Nh6# 1-0